Map: Disco Bloodbath LE

Players

GrimReaperEU

  • Race: Protoss Protoss
  • Spawn Location: 9:00

TurkeyDano - Winner!

  • Race: Protoss Protoss
  • League: Master
  • Spawn Location: 3:00

VOD

Have the link to the VOD?

Description

Time

  • Played on: Oct. 20, 2019, 3:43 p.m.
  • Length: 9:38
Show
View Real Time Build Order
Export as new Build Order

GrimReaperEU Protoss 

Build Orders:  

Get SALT Encoding   

  12  0:00  Probe (Chrono Boost)  
  13  0:11  Probe (Chrono Boost)  
  14  0:19  Probe  
  14  0:21  Pylon  
  15  0:39  Forge, Probe  
  16  1:05  Pylon  
  16  1:09  Probe  
  16  1:11  Pylon  
  17  1:20  Gateway  
  17  1:22  Probe  
  18  1:29  Photon Cannon  
  18  1:34  Probe  
  18  1:35  Assimilator  
  19  1:46  Probe  
  20  1:58  Probe  
  19  2:09  Cybernetics Core  
  19  2:10  Probe  
  20  2:15  Photon Cannon  
  20  2:22  Probe  
  21  2:31  Pylon  
  21  2:39  Probe  
  22  2:44  Stalker (Chrono Boost)  
  22  2:45  Warp Gate  
  24  2:59  Shield Battery  
  24  3:04  Shield Battery  
  23  3:08  Stalker (Chrono Boost)  
  23  3:09  Shield Battery  
  25  3:23  Shield Battery  
  25  3:29  Stalker (Chrono Boost)  
  27  3:39  Pylon  
  27  3:42  Gateway  
  27  3:55  Stalker (Chrono Boost)  
  29  4:11  Assimilator  
  29  4:21  Shield Battery  
  31  4:37  Stalker  
  31  4:48  Robotics Facility  
  31  5:03  Gateway  
  31  5:06  Probe  
  31  5:17  Pylon  
  29  5:34  Warp Prism (Chrono Boost)  
  31  5:35  Stalker  
  31  5:36  Stalker  
  35  5:55  Probe  
  36  6:05  Stalker x2  
  40  6:17  Stalker  
  42  6:19  Pylon  
  42  6:33  Stalker  
  42  6:34  Stalker  
  46  6:40  Warp Prism  
  48  7:08  Stalker x3  
  34  7:37  Stalker x3  
  36  8:02  Stalker x2  
  36  8:03  Stalker  
  42  8:26  Stalker x2  
  46  8:30  Stalker  
  48  9:01  Stalker x3  
Show
View Real Time Build Order
Export as new Build Order

TurkeyDano Protoss - Winner!

Build Orders: Proxy Void Ray 

Get SALT Encoding   

  12  0:00  Probe  
  13  0:13  Probe  
  14  0:17  Pylon  
  14  0:25  Probe (Chrono Boost)  
  15  0:37  Probe (Chrono Boost)  
  15  0:39  Gateway  
  16  0:43  Probe (Chrono Boost)  
  17  0:53  Forge  
  17  1:07  Pylon  
  17  1:11  Assimilator  
  17  1:16  Assimilator  
  17  1:26  Photon Cannon  
  17  1:30  Cybernetics Core  
  17  1:34  Probe  
  18  1:42  Assimilator  
  18  1:47  Probe  
  19  1:59  Probe  
  20  2:01  Pylon  
  20  2:11  Probe  
  21  2:20  Photon Cannon  
  21  2:23  Probe  
  22  2:32  Pylon  
  22  2:38  Stargate  
  22  2:52  Photon Cannon  
  22  2:59  Shield Battery  
  22  3:06  Warp Gate  
  22  3:15  Photon Cannon  
  22  3:16  Shield Battery  
  22  3:21  Void Ray (Chrono Boost)  
  26  3:32  Shield Battery  
  26  3:44  Shield Battery  
  26  3:54  Void Ray (Chrono Boost)  
  30  3:59  Shield Battery  
  26  4:15  Probe  
  27  4:19  Gateway  
  27  4:22  Stargate  
  27  4:38  Probe  
  28  4:50  Gateway  
  28  4:58  Probe  
  28  5:02  Pylon  
  28  5:06  Phoenix  
  30  5:17  Stalker x2  
  34  5:33  Phoenix (Chrono Boost)  
  36  5:42  Stalker  
  38  5:46  Pylon  
  38  5:49  Pylon  
  38  6:04  Phoenix (Chrono Boost)  
  38  6:06  Pylon  
  38  6:11  Stalker x2  
  42  6:12  Sentry  
  46  6:20  Phoenix (Chrono Boost)  
  48  6:38  Pylon, Stalker  
  50  6:43  Stalker  
  52  6:52  Stalker  
  54  7:07  Phoenix (Chrono Boost)  
  54  7:18  Stalker  
  54  7:19  Stalker  
  54  7:27  Stalker  
  50  7:45  Stalker x2  
  54  8:00  Phoenix (Chrono Boost)  
  56  8:19  Probe  
  57  8:23  Nexus  
  57  8:27  Phoenix (Chrono Boost)  
  59  8:43  Phoenix  
  59  8:48  Pylon  
  61  8:59  Stalker  
  63  9:08  Zealot  
  65  9:14  Zealot  
Tags
 
League
Master
Matchup
PvP
Spawn Locations
Cross Positions
Add a new tag
Caveats
  • Supply blocks, unpowered buildings, or Contaminate may cause inaccurate times.
  • Supply counts are checked every 10 seconds.